 Dungeon Crawl Stone Soup version 0.28-a0-872-g80cf8599ee (webtiles) character file.

Game seed: 1853183102698135104

938 wakim the Ruffian (level 8, -4/69 HPs)
             Began as a Ghoul Fighter on Nov 20, 2021.
             Slain by a komodo dragon (7 damage)
             ... on level 6 of the Dungeon.
             The game lasted 00:15:33 (5868 turns).

wakim the Ruffian (Ghoul Fighter)                   Turns: 5868, Time: 00:15:33

Health: -4/69      AC: 11    Str: 20    XL:     8   Next: 12%
Magic:  7/7        EV:  9    Int:  4    God:
Gold:   258        SH:  9    Dex:  9    Spells: 7/7 levels left

rFire   . . .      SeeInvis .     - Unarmed
rCold   + + .      Faith    .   n - +0 buckler
rNeg    + + +      Spirit   .   a - +0 scale mail
rPois   ∞          Reflect  +   k - +0 helmet
rElec   .          Harm     .   q - +1 cloak
rCorr   .          Rampage  .   s - +0 pair of gloves
Will    .....                   (no boots)
Stlth   ..........              i - amulet of reflection
HPRegen 0.00/turn               f - ring of protection from cold
MPRegen 0.10/turn               (no ring)

@: inhibited regen
A: claws 1, cold resistance 1, negative energy resistance 3, inhibited
regeneration, torment resistance 2
a: no special abilities


You were on level 6 of the Dungeon.
You visited 2 branches of the dungeon, and saw 7 of its levels.

You collected 258 gold pieces.

Inventory:

Hand Weapons
 b - the +8 hand axe of Kismet {antimagic, rPois}
   (You found it on level 5 of the Dungeon)

   It reduces the magical energy of the wielder, and disrupts the spells and
   magical abilities of those it strikes.
   Natural abilities and divine invocations are not affected.
   rPois:     It protects you from poison.
Missiles
 e - 28 poisoned darts (quivered)
Armour
 a - a +0 scale mail (worn)
 k - a +0 helmet (worn)
 n - a +0 buckler (worn)
 q - a +1 cloak (worn)
 s - a +0 pair of gloves (worn)
Jewellery
 f - a ring of protection from cold (left hand)
 i - an amulet of reflection (around neck)
Scrolls
 c - 2 scrolls of enchant armour {unknown}
 d - a scroll of fog {unknown}
 g - 2 scrolls of noise {unknown}
 h - a scroll of blinking {unknown}
 j - a scroll of fear {unknown}
 l - a scroll of magic mapping {unknown}
 T - 2 scrolls of teleportation
 W - a scroll of holy word {!r}
Potions
 m - 2 potions of lignification {unknown}
 o - a potion of degeneration {unknown}
 p - a potion of magic {unknown}
 D - 2 potions of brilliance
 F - 2 potions of curing
 N - a potion of might


   Skills:
 + Level 5.6 Fighting
 + Level 4.6 Armour
 - Level 4.0 Shields
 * Level 6.8 Unarmed Combat


You had 7 spell levels left.
You didn't know any spells.
Your spell library contained the following spells:

 Spells                   Type           Power      Damage    Failure   Level
 Sandblast                Erth           0%         2d4       83%         1
 Passwall                 Tmut/Erth      0%         N/A       93%         2
 Stone Arrow              Conj/Erth      0%         3d7       99%         3


Dungeon Overview and Level Annotations

Branches:
Dungeon (6/15)             Temple (1/1) D:5

Altars:
Ashenzari
Cheibriados
Dithmenos
Elyvilon
Gozag
Hepliaklqana
Kikubaaqudgha
Nemelex Xobeh
Okawaru
Qazlal
Ru
Sif Muna
Trog
Vehumet
Wu Jian
Xom
Yredelemnul
Zin
The Shining One

Shops:
D:4 =


Innate Abilities, Weirdness & Mutations

You thrive by killing the living.
You are immune to poison.
You have sharp fingernails.
Your flesh is cold resistant. (rC+)
You are immune to negative energy. (rN+++)
You do not regenerate when monsters are visible.
You are immune to unholy pain and torment.


Message History

a +0 shortbow; 16 arrows The hound bites you but does no damage.
The hound bites you but does no damage. You block the hound's attack.
The hound bites you but does no damage. You block the hound's attack.
The hound barely misses you.
You hit the hound.
The hound is moderately wounded.
The hound closely misses you. The hound bites you but does no damage.
You barely miss the hound.
The hound is moderately wounded.
You block the hound's attack.
You hit the hound but do no damage.
The hound is moderately wounded.
The hound bites you.
* * * LOW HITPOINT WARNING * * *
You punch the hound!
The hound is almost dead.
You block the hound's attack. The hound bites you but does no damage.
You closely miss the hound.
The hound is almost dead.
The hound bites you but does no damage.
Unknown command.
You punch the hound!
You kill the hound!
You feel better.
You hit the shadow imp.
The shadow imp is almost dead.
The shadow imp barely misses you.
You hit the shadow imp but do no damage.
The shadow imp is almost dead.
You block the shadow imp's attack.
You punch the shadow imp!
You kill the shadow imp!
You don't know any spells.
You start resting.
A komodo dragon is nearby!
You see here a hound corpse.
The komodo dragon bites you!
You die...

#.......###### #.#
#.......# #.#
#.##.##.###### #.#
#†#..........# #.#
#.......####.# #.#
#.......####.####.#
#.......<.........#
..#####.......l....######
........)......@...# .
.#####.#...#####.## ..###
#.##### ##.## ### #...#
#.# #...# .. #..##.##
#...#####.# #.....#
#.........# . #.h###.#
#####)..####..# ... #...#
.# #....(........#...#.
#...
.......................


You could see a komodo dragon.

Vanquished Creatures
  2 ogres
  A phantom (D:4)
  A centaur (D:6)
  4 hounds
  4 jellies
  A bullfrog skeleton (D:6)
  Crazy Yiuf (D:2)
  Jessica (D:2)
  An orc wizard (D:5)
  A statue (D:5)
  A hound skeleton (D:5)
  Robin (D:2)
  A howler monkey zombie (D:5)
  9 adders
  A shadow imp (D:6)
  An ufetubus (D:6)
  A worm (D:2)
  2 dart slugs
  7 orcs
  8 ball pythons
  12 endoplasms
  A giant cockroach (D:3)
  19 goblins
  6 hobgoblins
  A jackal (D:1)
  9 quokkas
  9 bats
  A frilled lizard (D:1)
  5 kobolds
  8 rats
120 creatures vanquished.

Notes
Turn   | Place    | Note
-------+----------+-------------------------------------------
     0 | D:1      | wakim the Ghoul Fighter began the quest for the Orb.
     0 | D:1      | Reached XP level 1. HP: 19/19 MP: 0/0
   139 | D:1      | Reached XP level 2. HP: 24/26 MP: 1/1
   271 | D:1      | Reached XP level 3. HP: 29/31 MP: 2/2
   451 | D:1      | Found a faded altar of an unknown god.
   646 | D:1      | Reached skill level 3 in Unarmed Combat
   812 | D:2      | Reached XP level 4. HP: 35/40 MP: 3/3
  1197 | D:2      | Noticed Robin
  1232 | D:2      | Killed Robin
  1277 | D:2      | Noticed Jessica
  1282 | D:2      | Killed Jessica
  1283 | D:2      | Reached XP level 5. HP: 41/46 MP: 4/4
  1525 | D:2      | Found a runed translucent door.
  1526 | D:2      | Noticed Crazy Yiuf
  1532 | D:2      | Killed Crazy Yiuf
  1854 | D:3      | Reached skill level 4 in Unarmed Combat
  2770 | D:3      | Reached XP level 6. HP: 52/52 MP: 5/5
  2802 | D:4      | Found Jounoara's Jewellery Emporium.
  3494 | D:4      | Found a stormy altar of Qazlal.
  3508 | D:4      | Reached skill level 5 in Unarmed Combat
  3841 | D:5      | Entered Level 5 of the Dungeon
  3871 | D:5      | Identified the +8 hand axe of Kismet {antimagic, rPois}
  3947 | D:5      | Reached XP level 7. HP: 60/60 MP: 2/6
  3963 | D:5      | Found a radiant altar of Vehumet.
  4183 | D:5      | Reached skill level 5 in Fighting
  4431 | D:5      | Found a basalt altar of Yredelemnul.
  4431 | D:5      | Found a bloodstained altar of Trog.
  4753 | D:5      | Found a staircase to the Ecumenical Temple.
  4781 | D:5      | Reached skill level 6 in Unarmed Combat
  4838 | Temple   | Entered the Ecumenical Temple
  5749 | D:6      | Reached XP level 8. HP: 69/69 MP: 7/7
  5756 | D:6      | Noticed a komodo dragon
  5851 | D:6      | HP: 2/69 [hound (5)]
  5868 | D:6      | Slain by a komodo dragon

Illustrated notes

Levels and vault maps discovered:
D:1:      dpeg_arrival_ratfight, layout_rooms,
          shapermc_ecumenical_altar_mp_ritualfount, minmay_vboxes
D:2:      layout_loops_ring, uniq_robin, uniq_jessica, uniq_crazy_yiuf_cottage
D:3:      layout_basic
D:4:      layout_rooms, old_standard_altar, serial_shops, shop
D:5:      layout_basic, vehumet_statue, mainiacjoe_overflow_divided_tiny,
          minmay_temple_entry_mini_moons
D:6:      layout_loops_cross
Temple:   regret_index_temple_generic_petals

Skill      XL: |  1  2  3  4  5  6  7 |
---------------+----------------------+-----
Shields        | 3 4 |  4.0
Unarmed Combat | 3 4 5 6 |  6.8
Armour         | 3 4 |  4.6
Fighting       | 4 5 |  5.6

Action                   |  1- 3 |  4- 6 |  7- 9 || total
-------------------------+-------+-------+-------++-------
Melee: Unarmed           |   120 |   195 |    72 ||   387
       Hand axe          |       |     5 |    26 ||    31
  Use: Scroll            |       |     4 |     3 ||     7
       Potion            |       |       |     3 ||     3
Armor: Scale mail        |    56 |    40 |    29 ||   125
Dodge: Dodged            |    45 |    33 |    27 ||   105
Block: Buckler           |    29 |    89 |    37 ||   155
       Reflection        |       |     1 |     4 ||     5

Table legend: (Time is in decaauts)
 A = Elapsed time spent in this place.
 B = Non-inter-level travel time spent in this place.
 C = Inter-level travel time spent in this place.
 D = Time resting spent in this place.
 E = Time spent auto-exploring this place.
 F = Levels seen in this place.
 G = Mean time per level.
                   A        B        C        D        E       F      G
               +--------+--------+--------+--------+--------+-----+--------+
         Total |   5850 |   5690 |    160 |    441 |   4191 |   7 |  835.7 |
       Dungeon |   5564 |   5430 |    134 |    441 |   3950 |   6 |  927.3 |
        Temple |    285 |    259 |     26 |      0 |    241 |   1 |  285.0 |
               +--------+--------+--------+--------+--------+-----+--------+

Top non-repeatable levels by time:
     D:2: 1431 daAuts
     D:5: 1231 daAuts
     D:3: 1179 daAuts
     D:1: 671 daAuts
     D:4: 541 daAuts
     D:6: 508 daAuts
  Temple: 285 daAuts
